 Dungeon Crawl Stone Soup version 0.17-a0-1767-gccbed74 (webtiles) character file.

57 Gargoyl the Skirmisher (level 3, -7/29 HPs)
             Began as a Demonspawn Abyssal Knight on Sept 6, 2015.
             Was a Believer of Lugonu.
             Killed by nerve-wracking pain
             ... invoked by Jessica
              (8 damage)
             ... on level 2 of the Dungeon.
             The game lasted 00:03:35 (1637 turns).

Gargoyl the Skirmisher (Demonspawn Abyssal Knight)  Turns: 1637, Time: 00:03:36

Health: -7/29      AC:  8    Str: 13    XL:     3   Next: 73%
Magic:  5/5        EV:  8    Int: 13    God:    Lugonu [**....]
Gold:   113        SH:  0    Dex: 12    Spells: 0 memorised, 2 levels left

rFire  . . .     SeeInvis .     a - +1 hand axe
rCold  . . .     Clarity  .     j - +0 chain mail
rNeg   . . .     SustAt   .     (no shield)
rPois  .         Gourm    +     (no helmet)
rElec  .         Spirit   .     (no cloak)
rCorr  .         Warding  .     (no gloves)
rMut   .         Stasis   .     (no boots)
MR     .....                    b - amulet of the gourmand
Stlth  ..........               (no ring)
                                (no ring)

@: not resistant to hostile enchantments, extremely unstealthy
A: repulsion field 1, rot immunity
a: Depart the Abyss, Bend Space, Renounce Religion


You were on level 2 of the Dungeon.
You worshipped Lugonu.
Lugonu was pleased with you.
You were not hungry.

You visited 1 branch of the dungeon, and saw 2 of its levels.
You visited the Abyss 1 time.

You collected 113 gold pieces.

Inventory:

Hand weapons
 a - a +1 hand axe (weapon)
Armour
 j - a +0 chain mail (worn)
Jewellery
 b - an amulet of the gourmand (around neck)
Scrolls
 d - a scroll of amnesia {unknown}
 f - 4 scrolls of recharging {unknown}
 h - a scroll of enchant weapon {unknown}
 i - 3 scrolls of identify {unknown}
 k - 2 scrolls of remove curse {unknown}


   Skills:
 + Level 3.4 Fighting
 + Level 2.2 Axes
 + Level 2.3 Armour
 + Level 1.5 Dodging
 + Level 3.0 Invocations


You had 2 spell levels left.
You didn't know any spells.

Dungeon Overview and Level Annotations

Branches:
Dungeon (2/15)

Altars:
Xom

Annotations:
D:2 Jessica


Innate Abilities, Weirdness & Mutations

You are surrounded by a mild repulsion field (EV +2).
You are immune to rotting.


Message History

Jessica mumbles some strange words.
Jessica blinks!
Things that are here:
an adder corpse; a jackal corpse; an adder corpse
There is an open door, spattered with blood here.
Things that are here:
a green potion; a goblin corpse Jessica points at you and mumbles some strange words.
Pain shoots through your body!
* * * LOW HITPOINT WARNING * * *
You hit Jessica but do no damage.
Jessica is no longer moving quickly.
Jessica casts a spell.
Jessica seems to speed up.
Jessica closely misses you.
Your chain mail prevents you from hitting Jessica.
Jessica hits you with a club.
* * * LOW HITPOINT WARNING * * *
You closely miss Jessica. Jessica gestures at you while chanting.
Pain shoots through your body!
You die...

#...##.#.........
.......#.........
.##################
.####### #.......#
.......# #.......#
######.# #.......#
.......# #.......#
.####### #.....@.# .#
#.....@.# .########
#.......# .......[#
#....#!## ..#####.#
####.#†# ..#### ## . .
#.# ..†..# . .####†####
####.# ###.
..##....######
#.###.#.##.##.........#
#.....#.....#..#.####.#


You could see Jessica.

Vanquished Creatures
  2 adders (D:2)
  A giant gecko (D:2)
  2 hobgoblins (D:2)
  7 jackals
  8 bats
  A giant cockroach (D:1)
  3 giant newts (D:1)
  7 goblins
  4 kobolds
  6 rats
41 creatures vanquished.

Notes
Turn   | Place    | Note
--------------------------------------------------------------
     0 | Abyss:1  | Gargoyl the Demonspawn Abyssal Knight began the quest for the Orb.
     0 | Abyss:1  | Reached XP level 1. HP: 18/18 MP: 2/2
    45 | Abyss:1  | Noticed a tentacled starspawn
   157 | Abyss:1  | Noticed an orc sorcerer
   158 | D:1      | Escaped the Abyss
   310 | D:1      | Acquired Lugonu's first power
   441 | D:1      | Gained mutation: You are surrounded by a mild repulsion field (EV +2). [demonic ancestry]
   441 | D:1      | Reached XP level 2. HP: 20/24 MP: 3/3
   519 | D:1      | Reached skill level 1 in Dodging
  1270 | D:2      | Found a shimmering altar of Xom.
  1358 | D:2      | Gained mutation: You are immune to rotting. [demonic ancestry]
  1358 | D:2      | Reached XP level 3. HP: 29/29 MP: 5/5
  1586 | D:2      | Noticed Jessica
  1603 | D:2      | Acquired Lugonu's second power
  1636 | D:2      | HP: 1/29 [Jessica/club (1)]
  1637 | D:2      | Killed from afar by Jessica

Vault maps used:
D:1:      dpeg_arrival_arbitrary_c
D:2:      lemuel_coloured_pillars_altar, first_bread, uniq_terence, uniq_jessica

Action                   || total
-------------------------++-------
Melee: Hand axe          ||   164
Invok: Depart the Abyss  ||     1
  Use: Potion            ||     4
  Eat: Bread ration      ||     1
